 Dungeon Crawl Stone Soup version 0.27.1-35-g4d5d836560 (webtiles) character file.

Game seed: 411736120788376192

6115 Orthodox the Geomancer (level 10, -1/50 HPs)
             Began as a Gargoyle Earth Elementalist on Mar 15, 2022.
             Was a Priest of Vehumet.
             Killed from afar by a lindwurm (14 damage)
             ... with a blast of flame
             ... on level 9 of the Dungeon.
             The game lasted 00:46:42 (11661 turns).

Orthodox the Geomancer (GrEE)                      Turns: 11661, Time: 00:46:42

Health: -1/50      AC: 10    Str: 12    XL:     10   Next: 89%
Magic:  17/17      EV: 11    Int: 19    God:    Vehumet [***...]
Gold:   399        SH:  0    Dex: 10    Spells: 9/19 levels left

rFire    . . .     SeeInvis .   E - +4 whip (elec)
rCold    . . .     Faith    .   (no shield)
rNeg     + . .     Spirit   .   b - +0 robe
rPois    ∞         Reflect  .   (no helmet)
rElec    +         Harm     .   (no cloak)
rCorr    .         Rampage  .   e - +0 pair of gloves
Will     .....                  (no boots)
Stlth    ++........             s - amulet of magic regeneration
HPRegen  0.16/turn              F - ring of flight
MPRegen  0.40/turn              (no ring)

@: flying
A: sickness immunity, AC +7, negative energy resistance 1, electricity
resistance, torment resistance 1, petrification resistance
a: Renounce Religion


You were on level 9 of the Dungeon.
You worshipped Vehumet.
Vehumet was most pleased with you.
You visited 1 branch of the dungeon, and saw 9 of its levels.
You also visited: Sewer.

You collected 399 gold pieces.

Inventory:

Hand Weapons
 j - a +1 dagger of venom
 E - a +4 whip of electrocution (weapon)
Missiles
 o - 162 stones
 A - 5 throwing nets {!f}
Armour
 b - a +0 robe (worn)
 e - a +0 pair of gloves (worn)
Jewellery
 s - an amulet of magic regeneration (around neck)
 F - a ring of flight (left hand)
Wands
 y - a wand of iceblast (10)
 C - a wand of flame (32)
Scrolls
 a - 4 scrolls of teleportation
 g - 2 scrolls of torment
 h - 2 scrolls of fog {unknown}
 i - a scroll of enchant weapon {unknown}
 k - 2 scrolls of magic mapping {unknown}
 m - 7 scrolls of blinking {unknown}
 n - 2 scrolls of enchant armour {unknown}
 r - a scroll of acquirement {unknown}
 u - a scroll of fear {unknown}
 w - a scroll of holy word {unknown}
 z - a scroll of brand weapon {unknown}
 B - 2 scrolls of identify {unknown}
Potions
 c - a potion of flight {unknown}
 d - a potion of degeneration {unknown}
 f - a potion of berserk rage {unknown}
 l - 5 potions of curing {unknown}
 p - 6 potions of heal wounds {unknown}
 q - a potion of might {unknown}
 t - 2 potions of haste {unknown}
 v - a potion of ambrosia {unknown}
 x - a potion of cancellation {unknown}
 D - a potion of attraction {unknown}


   Skills:
 - Level 1.5 Dodging
 - Level 2.1 Stealth
 - Level 5.0 Spellcasting
 * Level 11.4 Conjurations
 - Level 0.7 Transmutations
 * Level 13.1 Earth Magic


You had 9 spell levels left.
You knew the following spells:

 Your Spells              Type           Power      Damage    Failure   Level
a - Sandblast             Erth           100%       2d20      1%          1
b - Stone Arrow           Conj/Erth      100%       3d13      1%          3
c - Passwall              Tmut/Erth      25%        N/A       1%          2
d - Petrify               Tmut/Erth      31%        N/A       7%          4

Your spell library contained the following spells:

 Spells                   Type           Power      Damage    Failure   Level
 Olgreb's Toxic Radiance  Pois           4%         N/A       30%         4
 Poisonous Vapours        Pois/Air       8%         N/A       5%          2
 Lightning Bolt           Conj/Air       13%        1d26      9%          5
 Frozen Ramparts          Ice            8%         1d2       11%         3
 Corpse Rot               Necr/Air       N/A        N/A       19%         2
 Freezing Cloud           Conj/Ice/Air   9%         6-21      19%         5
 Airstrike                Air            2%         N/A       30%         4
 Ice Form                 Ice/Tmut       6%         N/A       71%         4
 Summon Ice Beast         Ice/Summ       4%         N/A       77%         4
 Summon Lightning Spire   Summ/Air       4%         N/A       77%         4
 Eringya's Noxious Bog    Tmut/Pois      3%         N/A       97%         6
 Summon Forest            Summ/Tloc      2%         N/A       98%         5
 Summon Hydra             Summ           2%         N/A       100%        7


Dungeon Overview and Level Annotations

Branches:
Dungeon (9/15)             Temple (0/1) D:6           Sewer (visited)
   Lair: D:8-11         Orc: D:9-12

Altars:
Ashenzari
Dithmenos
Fedhas
Hepliaklqana
Makhleb
Nemelex Xobeh
Qazlal
Trog
Vehumet

Annotations:
D:3 exclusion: statue


Innate Abilities, Weirdness & Mutations

You are immune to sickness and miasma.
Your stone body is resilient. (AC +7)
You are immune to poison.
You resist negative energy. (rN+)
You are resistant to electric shocks. (rElec)
You are resistant to unholy torment.
You are immune to petrification.


Message History

The lindwurm roars!
Unknown command.
Unknown command.
Unknown command.
Unknown command.
Unknown command.
Aiming: Iceblast
Press: ? - help, Shift-Dir - straight line, f - lindwurm
Aim: a lindwurm (lightly wounded)
The mass of ice explodes!
The iceblast engulfs the lindwurm!
The lindwurm is heavily wounded.
The iceblast engulfs the lindwurm!
The lindwurm is moderately wounded.
Vehumet accepts your kill.
You feel a bit more experienced.
Your Earth Magic skill increases to level 13!
Unknown command.
Unknown command.
Unknown command.
Unknown command.
Aiming: Iceblast
Press: ? - help, Shift-Dir - straight line, f/p - lindwurm
Aim: a lindwurm (heavily wounded)
The mass of ice explodes!
The iceblast engulfs the lindwurm!
The lindwurm is heavily wounded.
The iceblast engulfs the lindwurm!
The lindwurm is heavily wounded.
The lindwurm breathes flames at you. The blast of flame hits you!!!
Ouch! That really hurt!
* * * LOW HITPOINT WARNING * * *
Unknown command.
Unknown command.
Unknown command.
You take 37 damage, and have 13/50 hp.
MASSIVE DAMAGE!!
Unknown command.
Unknown command.
The lindwurm breathes flames at you. The blast of flame hits you!
You die...

......≈≈........##
.§.≈§≈§§≈≈≈§§.§..##
.§§≈§§≈§≈≈≈§≈.....#
§§≈≈§§≈§≈§≈§§≈....## #########
≈§§≈§≈≈§≈≈≈≈≈≈≈....# ###........
≈≈≈§§≈≈≈≈§≈≈≈≈≈§...####..........
§≈≈≈§....≈≈≈§≈≈§........#........
§≈≈...##...≈≈≈≈≈§..######........
≈≈≈.. #.k≈≈≈§§@...# #........
§≈..# [[k#.k≈≈≈≈§...# #######.#
≈≈§# ##†≈§§≈≈≈..# ##..# ≈≈.##)|
#.§≈§≈≈≈.## #..## ≈§..#.k
#[.§§§≈§..# ###'### ≈§§..##
#..≈§§§≈≈.## #...<..
§≈≈...##..?§§§§§≈.#### #......
§≈§§≈..§.≈≈≈§≈§≈.....# +......
§≈§§≈≈≈≈≈§§≈≈≈≈≈.....# #......


You could see a lindwurm (catching breath).

Vanquished Creatures
  Harold (D:6)
  A lindwurm (D:9)
  Pikel (D:7)
  A cyclops (D:6)
  Grinder (D:3)
  A wyvern (D:8)
  Duvessa (D:5)
  A water moccasin (D:6)
  3 orc warriors
  A black bear (D:6)
  2 ice beasts
  A sky beast (D:6)
  2 ogres
  A lemure (D:7)
  A phantom (D:6)
  5 centaurs
  6 kobold brigands
  2 bullfrogs
  4 scorpions
  A wyvern skeleton (D:7)
  A water moccasin zombie (D:6)
  A water moccasin skeleton (D:5)
  Dowan (D:5)
  4 killer bees (D:8)
  8 wights (D:8)
  A centaur zombie (D:7)
  2 bullfrog zombies
  2 hounds
  3 orc priests
  2 jellies (D:5)
  A gnoll shaman (D:6)
  3 iguanas
  7 orc wizards
  A killer bee zombie (D:8)
  6 gnolls
  A howler monkey skeleton (D:3)
  8 adders
  2 river rats (Sewer)
  A white imp (D:8)
  2 ufetubi
  An adder zombie (D:5)
  2 worms
  4 dart slugs
  25 orcs
  9 ball pythons
  4 bats
  6 endoplasms
  3 giant cockroaches
  8 goblins
  4 hobgoblins
  4 jackals (D:5)
  A quokka (D:4)
  17 kobolds
  14 rats
196 creatures vanquished.

Vanquished Creatures (others)
  2 plants (D:8)
2 creatures vanquished.

Grand Total: 198 creatures vanquished

Notes
Turn   | Place    | Note
-------+----------+-------------------------------------------
     0 | D:1      | Orthodox the Gargoyle Earth Elementalist began the quest
                  | for the Orb.
     0 | D:1      | Reached XP level 1. HP: 10/10 MP: 3/3
   265 | D:1      | Reached skill level 4 in Earth Magic
   265 | D:1      | Reached XP level 2. HP: 15/15 MP: 1/5
  1369 | D:2      | Reached XP level 3. HP: 19/19 MP: 4/7
  1539 | D:2      | Learned a level 3 spell: Stone Arrow
  1542 | D:2      | Learned a level 2 spell: Passwall
  2004 | D:2      | Reached XP level 4. HP: 24/24 MP: 1/8
  2158 | D:3      | Reached skill level 1 in Conjurations
  2158 | D:3      | Reached skill level 5 in Earth Magic
  2216 | D:3      | Found a sparkling altar of Nemelex Xobeh.
  2384 | D:3      | Found a burning altar of Makhleb.
  2501 | D:3      | Found a faded altar of an unknown god.
  2708 | D:3      | Found a faded altar of an unknown god.
  2708 | D:3      | Found a faded altar of an unknown god.
  2708 | D:3      | Found a faded altar of an unknown god.
  2708 | D:3      | Found a hazy altar of Hepliaklqana.
  2720 | D:3      | Reached XP level 5. HP: 28/28 MP: 2/9
  2727 | D:3      | Found a faded altar of an unknown god.
  2824 | D:3      | Found a radiant altar of Vehumet.
  2824 | D:3      | Noticed a frost-covered statue
  2830 | D:3      | Became a worshipper of Vehumet
  2964 | D:3      | Noticed Grinder
  3856 | D:3      | Killed Grinder
  3857 | D:3      | Reached skill level 6 in Earth Magic
  3857 | D:3      | Reached XP level 6. HP: 32/32 MP: 2/10
  4297 | D:4      | Found a glowing drain.
  4301 | Sewer    | Entered a sewer
  4384 | Sewer    | Reached skill level 7 in Earth Magic
  4384 | Sewer    | Reached XP level 7. HP: 36/36 MP: 1/11
  4506 | Sewer    | Reached * piety under Vehumet
  4506 | Sewer    | Offered knowledge of Foxfire by Vehumet.
  4858 | Sewer    | Learned a level 4 spell: Petrify
  4879 | Sewer    | Reached skill level 5 in Conjurations
  5138 | D:4      | Reached skill level 8 in Earth Magic
  5305 | D:4      | Reached XP level 8. HP: 34/41 MP: 6/12
  5424 | D:4      | Offered knowledge of Static Discharge by Vehumet.
  5459 | D:4      | Found a shadowy altar of Dithmenos.
  5617 | D:5      | Entered Level 5 of the Dungeon
  5638 | D:4      | Reached ** piety under Vehumet
  5692 | D:5      | Noticed Duvessa
  5700 | D:5      | Noticed Dowan
  6034 | D:5      | Reached skill level 9 in Earth Magic
  6517 | D:5      | Killed Dowan
  6698 | D:6      | Reached XP level 9. HP: 45/45 MP: 10/15
  6766 | D:6      | Found a staircase to the Ecumenical Temple.
  6795 | D:6      | Reached skill level 10 in Earth Magic
  7115 | D:6      | Offered knowledge of Ignite Poison by Vehumet.
  7193 | D:6      | Noticed a cyclops
  7459 | D:6      | Found a bloodstained altar of Trog.
  7768 | D:6      | Killed a cyclops
  7769 | D:6      | Reached skill level 5 in Spellcasting
  8224 | D:7      | Reached skill level 11 in Earth Magic
  8240 | D:7      | Found a stormy altar of Qazlal.
  8261 | D:7      | Reached *** piety under Vehumet
  8382 | D:7      | Noticed Harold
  8492 | D:6      | Killed Harold
  8493 | D:6      | Reached skill level 10 in Conjurations
  8493 | D:6      | Reached XP level 10. HP: 5/50 MP: 17/17
  8852 | D:7      | Found a broken altar of Ashenzari.
  9034 | D:7      | Noticed Pikel
  9038 | D:7      | Killed Pikel
  9039 | D:7      | Reached skill level 12 in Earth Magic
  9444 | D:5      | Killed Duvessa
  9734 | D:8      | Found a blossoming altar of Fedhas.
 10461 | D:8      | Offered knowledge of Olgreb's Toxic Radiance by Vehumet.
 11603 | D:9      | Noticed a lindwurm
 11647 | D:9      | Noticed a lindwurm
 11650 | D:9      | Noticed a lindwurm
 11658 | D:9      | Noticed a lindwurm
 11659 | D:9      | Killed a lindwurm
 11660 | D:9      | Reached skill level 13 in Earth Magic
 11661 | D:9      | Killed from afar by a lindwurm

Illustrated notes

Levels and vault maps discovered:
D:1:      amcnicky_arrival_flooded_fountain, layout_basic
D:2:      layout_loops_ring, kennysheep_generic_room_4
D:3:      layout_basic, vehumet_statue, nemelex_diamond_rough_becter,
          nicolae_hepliaklqana_ecumenical_no_more,
          mainiacjoe_overflow_concentric_impassable,
          ebering_ecumenical_altar_webs, skrybe_limestone_x, uniq_grinder
D:4:      layout_rooms, nicolae_dithmenos_through_a_glass_darkly,
          portal_sewer_entry_e, dk_rats_in_the_wall
D:5:      layout_basic, uniq_duvessa
D:6:      layout_basic, trog_hazing_becter, minmay_temple_entry_waves
D:7:      layout_loops_ring, mainiacjoe_overflow_chevrons, ashenzari_altar_1,
          eino_curves_04, uniq_pikel, uniq_harold
D:8:      layout_basic, fedhas_ov_isle_minmay, lightli_orcish_oven
D:9:      layout_roguey, mainiacjoe_overflow_surrounded_room,
          minmay_lindwurm_lava

Skill      XL: |  1  2  3  4  5  6  7  8  9 10 |
---------------+-------------------------------+-----
Earth Magic    | 4 5 6 7 8 9 11 13 | 13.1
Spellcasting   | 3 4 5 |  5.0
Conjurations   | 1 3 4 5 7 10 11 | 11.4
Dodging        | |  1.5
Stealth        | |  2.1
Transmutations | |  0.7

Action                   |  1- 3 |  4- 6 |  7- 9 | 10-12 || total
-------------------------+-------+-------+-------+-------++-------
Melee: Unarmed           |       |    25 |       |       ||    25
       Dagger            |       |     7 |    11 |     1 ||    19
 Cast: Sandblast         |    30 |    22 |    51 |    29 ||   132
       Stone Arrow       |     5 |    32 |   119 |    55 ||   211
       Petrify           |       |       |       |     7 ||     7
Evoke: Wand              |       |       |     3 |     7 ||    10
  Use: Scroll            |       |       |     5 |     1 ||     6
 Stab: Sleeping          |       |       |       |     1 ||     1
Armor: Robe              |     4 |    13 |    25 |    10 ||    52
Dodge: Dodged            |     4 |    28 |    42 |    25 ||    99
